 Dungeon Crawl Stone Soup version 0.31-a0-1549-g5ff9445e89 (webtiles) character file.

Game seed: 11775833229584911285

1122 bobo the Fighter (level 8, 0/84 (89) HPs)
             Began as an Oni Monk on Jan 2, 2024.
             Was an Elder of Zin.
             Slain by a killer bee (2 damage)
             ... on level 7 of the Dungeon.
             The game lasted 00:14:43 (5899 turns).

bobo the Fighter (Oni Monk)                         Turns: 5899, Time: 00:14:43

HP:   0/84 (89)     AC:  3    Str: 20    XL:     8   Next: 35%
MP:   10/11         EV: 10    Int: 13    God:    Zin [****..]
Gold: 389           SH:  0    Dex: 13    Spells: 3/7 levels left

rFire   . . .        o - +0 flail
rCold   . . .        d - orb {light}
rNeg    . . .        b - +0 robe
rPois   ∞            (helmet restricted)
rElec   .            (no cloak)
rCorr   .            (gloves unavailable)
SInv    .            (boots unavailable)
Will    .....        (no amulet)
Stlth   +            (no ring)
HPRegen 0.34/turn    (no ring)
MPRegen 0.12/turn

%: no passive effects
@: vitalised, glowing, drained
A: large, unfitting armour, horns 1, tough skin 1, double potion healing,
drunken brawling, mutation resistance 1
a: Renounce Religion, Recite, Vitalisation, Imprison, Donate Gold


You were on level 7 of the Dungeon.
You worshipped Zin.
Zin was greatly pleased with you.
You visited 1 branch of the dungeon, and saw 7 of its levels.

You collected 432 gold pieces.
You donated 43 gold pieces to Zin.

Inventory:

Hand Weapons
 e - a +0 whip of flaming
 i - a +3 whip
 o - a +0 flail (weapon)
Missiles
 s - 3 darts of dispersal
 t - 6 javelins
 y - a throwing net
Armour
 b - a +0 robe (worn)
 d - an orb of light (worn)
Jewellery
 c - a ring of ice
Wands
 h - a wand of iceblast (2)
 l - a wand of digging (7)
Scrolls
 j - a scroll of revelation {unknown}
 k - 2 scrolls of enchant armour {unknown}
 m - 2 scrolls of fear {unknown}
 q - a scroll of amnesia {unknown}
 u - 3 scrolls of identify
 w - a scroll of immolation {unknown}
 x - 2 scrolls of teleportation
 z - a scroll of poison
 A - a scroll of blinking {unknown}
 B - a scroll of fog {unknown}
 C - a scroll of noise {unknown}
Potions
 a - 2 potions of haste
 f - a potion of lignification {unknown}
 n - a potion of might {unknown}
 p - 2 potions of mutation
 r - 2 potions of heal wounds {unknown}
 v - a potion of magic {unknown}


   Skills:
 * Level 8.4 Fighting
 * Level 6.3 Maces & Flails
 + Level 3.5 Throwing
 - Level 2.6 Dodging
 + Level 4.3 Invocations


You had 3 spell levels left.
You knew the following spells:

 Your Spells              Type           Power      Damage    Failure   Level
a - Vhi's Electric Charg  Tloc/Air       0%         N/A       97%         4

Your spell library contained the following spells:

 Spells                   Type           Power      Damage    Failure   Level
 Arcjolt                  Conj/Air       0%         1d10      100%        5
 Plasma Beam              Fire/Air       0%         2x1d10    100%        6


Dungeon Overview and Level Annotations

Branches:
Dungeon (7/15)             Temple (0/1) D:6

Altars:
Ashenzari
Kikubaaqudgha
Uskayaw
Zin
The Shining One

Shops:
D:6 :

Annotations:
D:5 3 runed translucent doors, brekkin's ghost, novice OpSh
D:7 Jeremiah


Innate Abilities, Weirdness & Mutations

You are too large for most types of armour.
You have a pair of small horns on your head.
You have tough skin. (AC +1)
You gain doubled healing and magic from potions.
Whenever you drink a healing potion, you attack all around you.
You are somewhat resistant to further mutation.


Message History

You hit the killer bee.
You kill the killer bee!
You savour every drop.
You feel better. The killer bee barely misses you. The killer bee stings you.
The killer bee closely misses you. The killer bee barely misses you.
The killer bee closely misses you.
You closely miss the killer bee.
The killer bee is almost dead.
The killer bee stings you!
* * * LOW HITPOINT WARNING * * *
The killer bee closely misses you. The killer bee stings you.
* * * LOW HITPOINT WARNING * * *
The killer bee stings you.
* * * LOW HITPOINT WARNING * * *
The killer bee closely misses you. The killer bee misses you.
You hit the killer bee.
You kill the killer bee!
The killer bee stings you!
* * * LOW HITPOINT WARNING * * *
Your divine stamina protects you from poison!
The killer bee closely misses you. x2; The killer bee completely misses you.
You hit the killer bee but do no damage.
The killer bee is severely wounded.
The killer bee stings you.
* * * LOW HITPOINT WARNING * * *
Your divine stamina protects you from poison!
The killer bee stings you.
* * * LOW HITPOINT WARNING * * *
Your divine stamina protects you from poison!
The killer bee stings you.
* * * LOW HITPOINT WARNING * * *
The killer bee stings you. Zin protects you from harm!
Your divine stamina protects you from poison!
Okay, then.
Unknown command.
It was a potion of mutation.
You feel extremely strange.
You feel genetically stable.
Zin forgives your inadvertent chaotic act, just this once.
The killer bee stings you.
You die...

#######
.......
###..!...#
#.@y..#
#.#y..#
#.. .....#
...#
.(.###
.... ....#
#...:.
......
...##
...##.#
... ...#
.#


You could see 2 killer bees.

Vanquished Creatures
  A water moccasin (D:6)
  An ice beast (D:5)
  An orc warrior (D:6)
  A black bear (D:6)
  A phantom (D:7)
  2 killer bees (D:7)
  A gnoll bouda (D:6)
  3 hounds
  A jelly (D:6)
  3 orc priests
  Jessica (D:3)
  Terence (D:3)
  2 iguanas
  An orc wizard (D:4)
  7 gnolls
  3 adders
  2 shadow imps (D:6)
  A white imp (D:5)
  A ribbon worm (D:2)
  4 dart slugs
  18 orcs
  5 ball pythons
  3 bats
  An endoplasm (D:1)
  5 giant cockroaches
  8 goblins
  2 hobgoblins
  7 kobolds
  4 quokkas
  4 frilled lizards
  10 rats
105 creatures vanquished.

Notes
Turn   | Place    | Note
-------+----------+-------------------------------------------
     0 | D:1      | bobo the Oni Monk began the quest for the Orb.
     0 | D:1      | Reached XP level 1. HP: 24/24 MP: 1/1
    48 | D:1      | Found a faded altar of an unknown god.
   220 | D:1      | Prayed at the altar of an unknown god.
   220 | D:1      | Became a worshipper of Zin the Law-Giver
   220 | D:1      | Reached * piety under Zin
   220 | D:1      | Reached ** piety under Zin
   271 | D:1      | Reached XP level 2. HP: 10/33 MP: 2/2
   443 | D:1      | Reached *** piety under Zin
   763 | D:1      | Reached XP level 3. HP: 39/40 MP: 3/3
   969 | D:2      | Reached skill level 1 in Throwing
   969 | D:2      | Reached skill level 1 in Invocations
  1123 | D:2      | Found a hide-covered altar of Uskayaw.
  1169 | D:2      | You fall into a shaft and drop 2 floors!
  1259 | D:3      | Noticed Terence
  1275 | D:4      | Reached XP level 4. HP: 41/49 MP: 4/4
  1320 | D:3      | Reached skill level 5 in Fighting
  1454 | D:3      | Noticed Jessica
  1459 | D:3      | Killed Jessica
  1467 | D:3      | Found a glowing golden altar of the Shining One.
  1544 | D:2      | Reached **** piety under Zin
  1625 | D:2      | Reached XP level 5. HP: 55/57 MP: 6/6
  2330 | D:3      | Killed Terence
  2477 | D:3      | Reached ***** piety under Zin
  2836 | D:4      | Reached skill level 6 in Fighting
  2836 | D:4      | Reached XP level 6. HP: 44/67 MP: 7/7
  3054 | D:4      | Found an ancient bone altar of Kikubaaqudgha.
  3055 | D:4      | Found a broken altar of Ashenzari.
  3284 | D:5      | Entered Level 5 of the Dungeon
  3284 | D:5      | Noticed an ice beast
  3291 | D:5      | Killed an ice beast
  3292 | D:5      | Reached skill level 5 in Maces & Flails
  3577 | D:5      | Found a runed translucent gate.
  3577 | D:5      | Found a runed translucent gate.
  3577 | D:5      | Found a runed translucent gate.
  3580 | D:5      | Noticed brekkin's ghost (novice OpSh)
  3897 | D:5      | Learned a level 4 spell: Vhi's Electric Charge
  3917 | D:5      | Reached XP level 7. HP: 76/76 MP: 9/9
  4180 | D:6      | Reached skill level 7 in Fighting
  4570 | D:6      | Found Didiup's Book Shop.
  4586 | D:6      | Zin protects you from harm!
  4924 | D:6      | Found a staircase to the Ecumenical Temple.
  5331 | D:6      | Reached XP level 8. HP: 88/88 MP: 10/10
  5461 | D:6      | Reached skill level 8 in Fighting
  5658 | D:7      | Noticed Jeremiah
  5898 | D:7      | HP: 2/84 [killer bee (5)]
  5898 | D:7      | Zin protects you from harm!
  5899 | D:7      | Gained mutation: You are somewhat resistant to further
                  | mutation. [potion of mutation]
  5899 | D:7      | Slain by a killer bee

Illustrated notes

Levels and vault maps discovered:
D:1:      co_arrival_random_square_maze, layout_basic,
          hellmonk_ecumenical_altar_leap_of_faith, minmay_crystal_water,
          roderic_serpentine_path, glass_columns_a, serial_bayou_pond_b
D:2:      layout_basic, basic_altar
D:3:      layout_loops_ring, tso_oasis_becter, uniq_terence, uniq_jessica
D:4:      layout_loops_ring, gammafunk_temple_overflow_pools
D:5:      layout_basic, gammafunk_ghost_nasty_kobolds, serial_bayou_ford_a
D:6:      layout_basic, minmay_temple_entry_poolview, serial_shops,
          nicolae_stop_n_shop_2
D:7:      layout_rooms, serial_shops, nicolae_shop_tiny_glass, uniq_jeremiah

Skill      XL: |  1  2  3  4  5  6  7  8 |
---------------+-------------------------+-----
Throwing       | 1 2 3 |  3.5
Invocations    | 1 2 3 4 |  4.3
Fighting       | 5 6 7 8 |  8.4
Maces & Flails | 4 5 6 |  6.3
Dodging        | |  2.6

Action                     |  1- 3 |  4- 6 |  7- 9 || total
---------------------------+-------+-------+-------++-------
  Melee: Mace              |    11 |       |       ||    11
         Headbutt          |    10 |    21 |    34 ||    65
         Whip              |    47 |   112 |    93 ||   252
         Flail             |       |       |    25 ||    25
  Throw: Stone             |     3 |       |       ||     3
         Boomerang         |       |    26 |     4 ||    30
         Dart              |       |       |     2 ||     2
 Invoke: Recite            |     3 |     2 |     6 ||    11
         Vitalisation      |     1 |       |     3 ||     4
         Sanctuary         |       |       |     2 ||     2
  Evoke: Wand              |       |     1 |       ||     1
    Use: Scroll            |     4 |     1 |       ||     5
         Potion            |     1 |       |     4 ||     5
   Stab: Paralysed         |       |       |     7 ||     7
 Armour: Robe              |    36 |    62 |    94 ||   192
  Dodge: Dodged            |    26 |    43 |    75 ||   144

Table legend: (Time is in decaauts)
 A = Elapsed time spent in this place.
 B = Non-inter-level travel time spent in this place.
 C = Inter-level travel time spent in this place.
 D = Time resting spent in this place.
 E = Time spent auto-exploring this place.
 F = Levels seen in this place.
 G = Mean time per level.
                   A        B        C        D        E       F      G
               +--------+--------+--------+--------+--------+-----+--------+
         Total |   5876 |   5668 |    208 |    597 |   4209 |   7 |  839.4 |
       Dungeon |   5876 |   5668 |    208 |    597 |   4209 |   7 |  839.4 |
               +--------+--------+--------+--------+--------+-----+--------+

Top non-repeatable levels by time:
     D:6: 1512 daAuts
     D:5: 1051 daAuts
     D:1: 946 daAuts
     D:2: 843 daAuts
     D:3: 762 daAuts
     D:4: 725 daAuts
     D:7: 34 daAuts
